 Dungeon Crawl Stone Soup version 0.31-a0-632-g766dd24fdf (webtiles) character file.

Game seed: 15305996001221651940

148 Pooter the Ruffian (level 5, -2/42 HPs)
             Began as a Draconian Shapeshifter on Aug 26, 2023.
             Slain by a gnoll
             ... wielding a +0 flail
              (7 damage)
             ... on level 3 of the Dungeon.
             The game lasted 00:10:42 (2250 turns).

Pooter the Ruffian (Draconian Shapeshifter)         Turns: 2250, Time: 00:10:43

Health: -2/42      AC:  5    Str: 20    XL:     5   Next: 8%
Magic:  5/5        EV: 12    Int:  8    God:
Gold:   212        SH:  0    Dex: 11    Spells: 4/4 levels left

rFire   . . .        d - +4 short sword
rCold   . . .        (no shield)
rNeg    . . .        (body armour unavailable)
rPois   .            (helmet currently unavailable)
rElec   .            (cloak currently unavailable)
rCorr   .            (gloves currently unavailable)
SInv    .            (boots currently unavailable)
Will    .....        (no amulet)
Stlth   +            (no ring)
HPRegen 0.27/turn    (no ring)
MPRegen 0.09/turn

%: no passive effects
@: beast-form
A: beast (slay +2), AC +5, unfitting armour, cold-blooded
a: Begin Untransformation


You were on level 3 of the Dungeon.
You were a hulking beast.
You visited 1 branch of the dungeon, and saw 3 of its levels.

You collected 230 gold pieces.
You spent 18 gold pieces at shops.

Inventory:

Hand Weapons
 d - a +4 short sword (weapon)
   (You took it off a kobold on level 1 of the Dungeon)
Missiles
 e - 12 boomerangs (quivered)
 h - 3 poisoned darts
 n - 6 silver javelins
 Q - 41 stones
Talismans
 b - a beast talisman (active)
 c - a flux talisman
Scrolls
 j - a scroll of silence
 m - a scroll of revelation
 o - a scroll of fear {unknown}
Potions
 a - 2 potions of lignification {!q}
 f - a potion of cancellation {unknown}
 g - 2 potions of curing {@q1}
 i - a potion of might {unknown}
 k - a potion of mutation {unknown}
 l - a potion of degeneration {unknown}
 p - a potion of enlightenment {unknown}


   Skills:
 + Level 2.4 Fighting
 - Level 1.7 Dodging
 * Level 4.4 Unarmed Combat
 * Level 4.1 Shapeshifting


You had 4 spell levels left.
You didn't know any spells.
Your spell library contained the following spells:

 Spells                   Type           Power      Damage    Failure   Level
 Lesser Beckoning         Tloc           0%         N/A       54%         2
 Sublimation of Blood     Necr           0%         N/A       54%         2
 Gell's Gravitas          Tloc           0%         N/A       78%         3
 Teleport Other           Tloc           0%         N/A       78%         3
 Petrify                  Tmut/Erth      0%         N/A       99%         4
 Irradiate                Conj/Tmut      0%         3d11      100%        5


Dungeon Overview and Level Annotations

Branches:
Dungeon (3/15) Zot: 15741

Altars:

Shops:
D:1 (


Innate Abilities, Weirdness & Mutations

You are a hulking beast.
Your limbs bulge with bestial killing power. (Slay +2)
Your plain brown scales are hard. (AC +5)
You cannot fit into any form of body armour.
You are cold-blooded and may be slowed by cold attacks.


Message History

You kill the rat!
You have reached level 5!
There is a stone staircase leading up here.
Found a bubbling brown potion.
A quokka comes into view.
You see here a bubbling brown potion.
The quokka barely misses you.
You miss the quokka. The quokka misses you.
The quokka bites you but does no damage.
You barely miss the quokka. You tail-slap the quokka.
The quokka barely misses you.
You hit the quokka.
You kill the quokka!
p - a bubbling brown potion 3 gnolls come into view.
A gnoll is wielding a +0 flail.
The gnoll shouts! x3
The gnoll throws a throwing net.
The throwing net barely misses you.
You see here a throwing net {!f}.
Okay, then.
You throw a boomerang. The boomerang closely misses the gnoll.
You throw a boomerang. The boomerang barely misses the gnoll.
You throw a boomerang. The boomerang hits the gnoll.
You throw a boomerang. The boomerang closely misses the gnoll.
The gnoll throws a throwing net.
The throwing net hits you.
You become entangled in the net!
You tear a large gash into the net.
The gnoll hits you with a +0 club. The gnoll hits you with a +0 flail!
You struggle against the net.
The gnoll hits you with a +0 club. The gnoll hits you with a +0 flail.
* * * LOW HITPOINT WARNING * * *
You shred the net and break free! The gnoll barely misses you.
The gnoll hits you with a +0 flail!
* * * LOW HITPOINT WARNING * * *
You barely miss the gnoll. The gnoll hits you with a +0 club.
* * * LOW HITPOINT WARNING * * *
The gnoll hits you with a +0 flail.
* * * LOW HITPOINT WARNING * * *
You puncture the gnoll! The gnoll hits you with a +0 club.
* * * LOW HITPOINT WARNING * * *
The gnoll hits you but does no damage.
You puncture the gnoll!
You kill the gnoll!
The gnoll closely misses you.
You hit the gnoll. You tail-slap the gnoll.
The gnoll hits you but does no damage. The gnoll closely misses you.
Unknown command.
You barely miss the gnoll. The gnoll hits you with a +0 club.
* * * LOW HITPOINT WARNING * * *
The gnoll hits you with a +0 flail!
You die...

##### ###############
...... ###.....#.......#
...... .......#.......#
......####..............
.......................#
......g###.............#
##.#gh..#.#.#........#
#.....##.#.#.#........#
#..........#.#........#
#.....##.###.#.######..
#......#.# .#.#.......
#........# .#.#.####..
..
#........###.#......#..
...
#............###.##.#..
.... ##..#.#.#####
#.##.#..


You could see 2 gnolls.

Vanquished Creatures
  An orc wizard (D:3)
  A gnoll (D:3)
  2 adders (D:2)
  An ufetubus (D:3)
  5 worms
  A dart slug (D:1)
  4 orcs (D:3)
  9 bats
  3 endoplasms
  A giant cockroach (D:1)
  8 goblins
  10 hobgoblins
  6 kobolds
  2 quokkas
  4 ball pythons
  4 frilled lizards
  6 rats
68 creatures vanquished.

Notes
Turn   | Place    | Note
-------+----------+-------------------------------------------
     0 | D:1      | Pooter the Draconian Shapeshifter began the quest for the
                  | Orb.
     0 | D:1      | Reached XP level 1. HP: 16/16 MP: 1/1
   279 | D:1      | Reached XP level 2. HP: 23/23 MP: 2/2
   337 | D:1      | Found Otowkixt's Weapon Emporium.
   352 | D:1      | Bought 3 poisoned darts for 18 gold pieces
   463 | D:1      | Reached XP level 3. HP: 29/29 MP: 3/3
   651 | D:1      | You fall into a shaft and drop 1 floor!
  1332 | D:2      | Reached XP level 4. HP: 36/36 MP: 4/4
  1336 | D:2      | Identified the +7 sling of Strategic Superiority {flame,
                  | Contam rPois Will+}
  2106 | D:3      | Reached XP level 5. HP: 42/42 MP: 5/5
  2250 | D:3      | Slain by a gnoll

Illustrated notes

Levels and vault maps discovered:
D:1:      dpeg_arrival_circle_labyrinth_c, layout_rooms, serial_shops,
          nicolae_shop_bloodbath_and_beyond, minmay_misc_feat_alley,
          minmay_gold_behind_fungi
D:2:      layout_loops_ring, nicolae_wormholes
D:3:      layout_basic

Skill      XL: |  1  2  3  4 |
---------------+-------------+-----
Fighting       | 2 |  2.4
Unarmed Combat | 4 |  4.4
Shapeshifting  | 4 |  4.1
Dodging        | |  1.7

Action                     |  1- 3 |  4- 6 || total
---------------------------+-------+-------++-------
  Melee: Unarmed           |    12 |       ||    12
         Tailslap          |    14 |     9 ||    23
         Short sword       |    98 |    47 ||   145
         Punch             |     4 |     2 ||     6
  Throw: Boomerang         |     9 |    14 ||    23
    Use: Scroll            |       |     3 ||     3
   Stab: Sleeping          |     1 |       ||     1
 Armour: Skin              |    34 |    14 ||    48
  Dodge: Dodged            |    56 |    17 ||    73

Table legend: (Time is in decaauts)
 A = Elapsed time spent in this place.
 B = Non-inter-level travel time spent in this place.
 C = Inter-level travel time spent in this place.
 D = Time resting spent in this place.
 E = Time spent auto-exploring this place.
 F = Levels seen in this place.
 G = Mean time per level.
                   A        B        C        D        E       F      G
               +--------+--------+--------+--------+--------+-----+--------+
         Total |   2257 |   2216 |     41 |    226 |   1526 |   3 |  752.3 |
       Dungeon |   2257 |   2216 |     41 |    226 |   1526 |   3 |  752.3 |
               +--------+--------+--------+--------+--------+-----+--------+

Top non-repeatable levels by time:
     D:2: 795 daAuts
     D:3: 752 daAuts
     D:1: 709 daAuts
